 Dungeon Crawl Stone Soup version 0.28.0-45-g0d030f2227 (webtiles) character file.

Game seed: 97809469293663396

205 pkoi the Insei (level 5, -17/41 HPs)
             Began as a Demigod Warper on Apr 8, 2022.
             Killed from afar by a steam dragon (26 damage)
             ... with a ball of steam
             ... on level 3 of the Dungeon.
             The game lasted 00:03:42 (2683 turns).

pkoi the Insei (Demigod Warper)                     Turns: 2683, Time: 00:03:42

Health: -17/41     AC:  3    Str: 12    XL:     5   Next: 27%
Magic:  10/10      EV: 11    Int: 23    God:
Gold:   131        SH:  5    Dex: 13    Spells: 2/7 levels left

rFire   . . .      SeeInvis +   e - +2 dagger (venom)
rCold   . . .      Faith    .   (no shield)
rNeg    . . .      Spirit   .   a - +0 leather armour
rPois   .          Reflect  +   (no helmet)
rElec   .          Harm     +   (no cloak)
rCorr   .          Rampage  .   (no gloves)
Will    .....      NoTele   +   (no boots)
Stlth   ++........              d - amulet of Traps {Reflect -Tele Harm Int+4 SH+5 Stlth+}
HPRegen 0.13/turn               l - ring of see invisible
MPRegen 0.12/turn               (no ring)

@: no status effects
A: high MP 1, forlorn, divine attributes
a: no special abilities


You were on level 3 of the Dungeon.
You visited 1 branch of the dungeon, and saw 3 of its levels.

You collected 131 gold pieces.

Inventory:

Hand Weapons
 e - a +2 dagger of venom (weapon)
 m - a +2 dagger of draining
Missiles
 c - 5 boomerangs of dispersal
 h - 4 curare-tipped darts (quivered)
Armour
 a - a +0 leather armour (worn)
Jewellery
 d - the amulet of Traps (around neck) {Reflect -Tele Harm Int+4 SH+5 Stlth+}
   (You found it on level 2 of the Dungeon)

   [amulet of reflection]

   It reflects blocked missile attacks.
   Int:       It affects your intelligence (+4).
   -Tele:     It prevents most forms of teleportation.
   SH:        It affects your SH (+5).
   Harm:      It increases damage dealt and taken.
   Stlth:     It makes you more stealthy.
 l - a ring of see invisible (left hand)
Scrolls
 b - a scroll of blinking
 j - a scroll of acquirement {unknown}
 k - a scroll of identify
 o - a scroll of teleportation {unknown}
Potions
 f - a potion of lignification {unknown}
 g - a potion of flight
 i - 2 potions of cancellation {unknown}
 n - a potion of resistance


   Skills:
 + Level 1.8 Fighting
 - Level 0.8 Throwing
 - Level 0.8 Armour
 + Level 1.8 Dodging
 + Level 5.2 Unarmed Combat
 + Level 1.8 Spellcasting
 * Level 2.8 Translocations


You had 2 spell levels left.
You knew the following spells:

 Your Spells              Type           Power      Damage    Failure   Level
a - Blink                 Tloc           28%        N/A       8%          2
b - Gell's Gravitas       Tloc           14%        N/A       16%         3

Your spell library contained the following spells:

 Spells                   Type           Power      Damage    Failure   Level
 Lesser Beckoning         Tloc           14%        N/A       16%         3
 Teleport Other           Tloc           14%        N/A       16%         3
 Manifold Assault         Tloc           14%        N/A       82%         5


Dungeon Overview and Level Annotations

Branches:
Dungeon (3/15)

Shops:
D:1 (


Innate Abilities, Weirdness & Mutations

You have an increased reservoir of magic. (+10% MP)
You shall have no god before yourself.
Your divine heritage dramatically boosts your attributes as you level up.


Message History

Casting: Blink (safe; 8% risk of failure)
Confirm with . or Enter, or press ? or * to list all spells.
Okay, then.
This spell is dangerous to cast!
Memorise Gell's Gravitas, consuming 3 spell levels and leaving 2?
You start memorising the spell.
You continue memorising. x3
You finish memorising.
Spell assigned to 'b'.
The steam dragon hisses angrily.
You hear a shout!
A water moccasin comes into view.
You start waiting.
A steam dragon is nearby!
You barely miss the steam dragon. The steam dragon completely misses you.
You block the steam dragon's attack.
You closely miss the steam dragon. The steam dragon closely misses you.
The steam dragon claws you.
You hit the steam dragon.
The steam dragon is lightly wounded.
The steam dragon breathes steam at you. The ball of steam hits you!
* * * LOW HITPOINT WARNING * * *
Unknown command.
You hit the steam dragon but do no damage.
The steam dragon is poisoned.
The steam dragon bites you!
* * * LOW HITPOINT WARNING * * *
The steam dragon claws you but does no damage.
You barely miss the steam dragon. The steam dragon bites you.
* * * LOW HITPOINT WARNING * * *
The steam dragon claws you.
* * * LOW HITPOINT WARNING * * *
Unknown command.
You aren't carrying any items that you can evoke.
Throw: 5 darts (curare)
Press: ? - help, Shift-Dir - straight line, f - steam dragon
Aim: a steam dragon (lightly wounded, very poisoned, 56% to hit)
You throw a curare-tipped dart.
The curare-tipped dart closely misses the steam dragon.
The steam dragon breathes steam at you. The ball of steam hits you!!
Ouch! That really hurt!
You die...

###########
#.........#
##.#.#.#.#.#
#..........#
##.#.#.#)#.#
#..........##########
##.#.#.#>#......<...#
#..(...@............#
##.#ยง#D#.##.........#
#.........#.........#
##.#(#.#.##.........#
####.#####...........
#.# #.........##. #.#
#####..#### #.# ...
#.#


You could see a steam dragon (very poisoned, catching breath).

Vanquished Creatures
  Sigmund (D:2)
  2 adders
  A dart slug (D:1)
  2 ball pythons (D:1)
  A bat (D:1)
  4 endoplasms
  3 goblins
  6 hobgoblins
  5 quokkas
  A frilled lizard (D:1)
  4 kobolds
  3 rats
33 creatures vanquished.

Vanquished Creatures (others)
  6 plants (D:2)
6 creatures vanquished.

Grand Total: 39 creatures vanquished

Notes
Turn   | Place    | Note
-------+----------+-------------------------------------------
     0 | D:1      | pkoi the Demigod Warper began the quest for the Orb.
     0 | D:1      | Reached XP level 1. HP: 17/17 MP: 5/5
   105 | D:1      | Reached skill level 2 in Unarmed Combat
   363 | D:1      | Found Tuiriuj's Antique Weapon Shop.
   562 | D:1      | Reached XP level 2. HP: 21/24 MP: 7/7
  1235 | D:2      | Reached skill level 3 in Unarmed Combat
  1263 | D:2      | Noticed Sigmund
  1283 | D:2      | Killed Sigmund
  1284 | D:2      | Reached skill level 5 in Unarmed Combat
  1284 | D:2      | Reached XP level 3. HP: 3/29 MP: 8/8
  1284 | D:2      | Reached XP level 4. HP: 4/36 MP: 9/9
  1284 | D:2      | Reached XP level 5. HP: 5/41 MP: 10/10
  1744 | D:2      | Learned a level 2 spell: Blink
  1822 | D:2      | Identified the amulet of Traps {Reflect -Tele Harm Int+4
                  | SH+5 Stlth+}
  2634 | D:3      | Noticed a steam dragon
  2652 | D:3      | Learned a level 3 spell: Gell's Gravitas
  2661 | D:3      | Noticed a water moccasin
  2683 | D:3      | Killed from afar by a steam dragon

Illustrated notes

Levels and vault maps discovered:
D:1:      dpeg_arrival_snail, layout_loops_corners, serial_shops,
          nicolae_shop_temple_entry_statues_fountains, minmay_pentomino_p2
D:2:      layout_loops_cross, chequers_ecumenical_altar_lobes, uniq_sigmund
D:3:      layout_rooms, st_stairs_9

Skill      XL: |  1  2 |
---------------+-------+-----
Unarmed Combat | 2 5 |  5.2
Fighting       | |  1.8
Throwing       | |  0.8
Armour         | |  0.8
Dodging        | |  1.8
Spellcasting   | |  1.8
Translocations | |  2.8

Action                   |  1- 3 |  4- 6 || total
-------------------------+-------+-------++-------
Melee: Dagger            |    43 |    54 ||    97
       Unarmed           |     7 |       ||     7
Throw: Dart              |     2 |     1 ||     3
  Use: Scroll            |       |     3 ||     3
Armor: Leather armour    |    14 |     8 ||    22
Dodge: Dodged            |    24 |    26 ||    50
Block: Other             |       |     9 ||     9
